 Dungeon Crawl Stone Soup version 0.28.0 (webtiles) character file.

Game seed: 18345574119625076417

24 arthad the Sneak (level 3, 0/25 HPs)
             Began as a Gnoll Wanderer on Feb 17, 2022.
             Slain by a jackal (1 damage)
             ... on level 1 of the Dungeon.
             The game lasted 00:01:36 (445 turns).

arthad the Sneak (Gnoll Wanderer)                    Turns: 445, Time: 00:01:37

Health: 0/25       AC:  4    Str: 12    XL:     3   Next: 2%
Magic:  7/7        EV: 12    Int: 12    God:
Gold:   9          SH:  0    Dex: 11    Spells: 6/7 levels left

rFire   . . .      SeeInvis .   a - +0 spear
rCold   . . .      Faith    .   (no shield)
rNeg    . . .      Spirit   .   c - +0 leather armour
rPois   .          Reflect  .   (no helmet)
rElec   .          Harm     .   (no cloak)
rCorr   .          Rampage  .   (no gloves)
Will    .....                   b - +0 pair of boots
Stlth   +++.......              (no amulet)
HPRegen 0.08/turn               (no ring)
MPRegen 0.10/turn               (no ring)

@: no status effects
A: fangs 1, strong nose, distributed training
a: no special abilities


You were on level 1 of the Dungeon.
You visited 1 branch of the dungeon, and saw 1 of its levels.

You collected 9 gold pieces.

Inventory:

Hand Weapons
 a - a +0 spear (weapon)
Armour
 b - a +0 pair of boots (worn)
 c - a +0 leather armour (worn)
Scrolls
 d - 2 scrolls of enchant weapon {unknown}
 e - a scroll of brand weapon {unknown}


   Skills:
 + Level 0.5 Fighting
 + Level 0.5 Short Blades
 + Level 0.5 Long Blades
 + Level 0.5 Axes
 + Level 0.5 Maces & Flails
 + Level 2.5 Polearms
 + Level 0.5 Staves
 + Level 0.5 Slings
 + Level 0.5 Bows
 + Level 0.5 Crossbows
 + Level 2.5 Throwing
 + Level 2.5 Armour
 + Level 2.5 Dodging
 + Level 5.9 Stealth
 + Level 0.5 Shields
 + Level 0.5 Unarmed Combat
 + Level 2.7 Spellcasting
 + Level 0.4 Conjurations
 + Level 0.4 Hexes
 + Level 0.4 Summonings
 + Level 0.4 Necromancy
 + Level 0.4 Translocations
 + Level 3.7 Transmutations
 + Level 0.4 Fire Magic
 + Level 0.4 Ice Magic
 + Level 0.4 Air Magic
 + Level 0.4 Earth Magic
 + Level 0.4 Poison Magic
 + Level 0.7 Invocations
 + Level 0.5 Evocations


You had 6 spell levels left.
You knew the following spells:

 Your Spells              Type           Power      Damage    Failure   Level
a - Sting                 Tmut/Pois      24%        1d4       14%         1

Your spell library contained the following spells:

 Spells                   Type           Power      Damage    Failure   Level
 Ice Form                 Ice/Tmut       6%         N/A       80%         4
 Petrify                  Tmut/Erth      6%         N/A       80%         4


Dungeon Overview and Level Annotations

Branches:
Dungeon (1/15)

Altars:


Innate Abilities, Weirdness & Mutations

You have very sharp teeth.
Your uncanny sense of smell can sniff out nearby items.
Your experience applies equally to all skills.


Message History

The jackal bites you but does no damage.
You barely miss the kobold.
The jackal barks!
You punch the kobold, but do no damage. The kobold closely misses you.
The jackal barely misses you.
You closely miss the jackal.
The jackal is severely wounded.
The jackal bites you but does no damage.
The kobold hits you with a +0 club.
You closely miss the kobold. The jackal misses you.
The kobold hits you with a +0 club. The jackal barely misses you.
You barely miss the kobold. The kobold barely misses you.
The jackal bites you but does no damage.
You hit the kobold.
You kill the kobold!
The jackal barely misses you. The jackal misses you.
The jackal barely misses you. The jackal closely misses you.
Things that are here:
a +0 club; 2 stones; a +0 scale mail You barely miss the jackal.
Your bite misses the jackal.
The jackal bites you but does no damage.
The jackal misses you.
You barely miss the jackal. You bite the jackal, but do no damage.
The jackal bites you but does no damage.
The jackal bites you.
* * * LOW HITPOINT WARNING * * *
Unknown command.
You hit the jackal but do no damage. The jackal misses you.
The jackal completely misses you. The jackal bites you.
* * * LOW HITPOINT WARNING * * *
The jackal bites you but does no damage.
You hit the jackal but do no damage. The jackal bites you.
* * * LOW HITPOINT WARNING * * *
The jackal closely misses you.
You closely miss the jackal. You bite the jackal, but do no damage.
The jackal bites you.
* * * LOW HITPOINT WARNING * * *
The jackal bites you.
You die...

#.. ..(......###
#.
.#.......#######
...............#
......#........#
......#........#
......#........#
.............).#
..##.#...†.....#
#...#.h@.#..#
#>.###.h#....#
#.. ##...#..#
#.. #.#....#
...# ....#..# .
#..#...##
.....#.#
.##.#...#


You could see 2 jackals.

Vanquished Creatures
  A bat (D:1)
  4 endoplasms (D:1)
  3 goblins (D:1)
  3 hobgoblins (D:1)
  4 jackals (D:1)
  2 ball pythons (D:1)
  A kobold (D:1)
  2 rats (D:1)
20 creatures vanquished.

Vanquished Creatures (others)
  7 withered plants (D:1)
7 creatures vanquished.

Grand Total: 27 creatures vanquished

Notes
Turn   | Place    | Note
-------+----------+-------------------------------------------
     0 | D:1      | arthad the Gnoll Wanderer began the quest for the Orb.
     0 | D:1      | arthad set off with the following items: a +0 spear, a +0
                  | pair of boots, a +0 leather armour; and the following spell
                  | memorised: Sting; and the following spells available to
                  | memorise: Ice Form, Petrify
     0 | D:1      | Reached XP level 1. HP: 13/13 MP: 4/4
    60 | D:1      | Reached XP level 2. HP: 6/19 MP: 5/5
   427 | D:1      | Reached XP level 3. HP: 19/25 MP: 7/7
   445 | D:1      | HP: 1/25 [jackal (1)]
   445 | D:1      | Slain by a jackal

Illustrated notes

Levels and vault maps discovered:
D:1:      minmay_arrival_four_houses, layout_rooms,
          ebering_ecumenical_altar_petrified, chequers_serial_rivers_large_b,
          minmay_misc_feat_pillars

Action                   || total
-------------------------++-------
Melee: Spear             ||    59
       Bite              ||     5
       Punch             ||     1
 Cast: Sting             ||     5
 Stab: Sleeping          ||     1
Armor: Leather armour    ||    15
Dodge: Dodged            ||    48
